 Dungeon Crawl Stone Soup version 0.30-a0-1114-gd936c97349 (webtiles) character file.

Game seed: 9865629430930928386

767 retardedninja the Firebug (level 7, 0/76 HPs)
             Began as a Gnoll Fire Elementalist on Apr 20, 2023.
             Was an Initiate of Cheibriados.
             Slain by Duvessa
             ... wielding a +0 short sword
              (2 damage)
             ... on level 6 of the Dungeon.
             The game lasted 00:12:14 (8431 turns).

retardedninja the Firebug (Gnoll Fire Elementalist) Turns: 8431, Time: 00:12:15

Health: 0/76       AC: 23    Str:  8      XL:     7   Next: 82%
Magic:  13/15      EV:  2    Int: 17 (18) God:    Cheibriados [......]
Gold:   185        SH:  0    Dex: 13      Spells: 10/17 levels left

rFire   . . .      SeeInvis .    d - +0 mace
rCold   . . .      Faith    .    (no shield)
rNeg    . . .      Spirit   .    a - melded +2 robe
rPois   +          Reflect  .    (helmet currently unavailable)
rElec   .          Rampage  .    n - melded scarf {+Inv}
rCorr   +          NoTele   +    b - melded +1 pair of gloves
Will    .....                    (boots currently unavailable)
Stlth   +++                      (no amulet)
HPRegen 0.32/turn                l - ring of resist corrosion
MPRegen 0.14/turn                (no ring)

@: mighty, tree-form, on berserk cooldown, slowed, very slow
A: stationary, stasis, torment immunity, boosted hp, (fangs 1), strong nose,
distributed training
a: Renounce Religion


You were on level 6 of the Dungeon.
You worshipped Cheibriados.
Cheibriados was noncommittal.
You were a tree.
You visited 2 branches of the dungeon, and saw 7 of its levels.

You collected 185 gold pieces.

Inventory:

Hand Weapons
 d - a +0 mace (weapon)
Missiles
 c - 2 throwing nets
Armour
 a - a +2 robe (melded)
 b - a +1 pair of gloves (melded)
 n - a scarf of invisibility (melded)
Jewellery
 l - a ring of resist corrosion (left branch)
 r - a ring of ice
Scrolls
 e - 3 scrolls of amnesia {unknown}
 f - a scroll of enchant weapon {unknown}
 i - 3 scrolls of teleportation
 k - a scroll of immolation
 p - a scroll of magic mapping {unknown}
 s - 3 scrolls of poison {unknown}
 t - 2 scrolls of identify {unknown}
 x - 2 scrolls of fog {unknown}
 y - a scroll of torment {unknown}


   Skills:
 + Level 2.8 Fighting
 + Level 2.8 Short Blades
 + Level 2.8 Long Blades
 + Level 2.8 Axes
 + Level 2.8 Maces & Flails
 + Level 2.8 Polearms
 + Level 2.8 Staves
 + Level 2.8 Ranged Weapons
 + Level 2.8 Throwing
 + Level 2.8 Armour
 + Level 5.4 Dodging
 + Level 5.1 Stealth
 + Level 2.8 Shields
 + Level 2.8 Unarmed Combat
 + Level 5.8 Spellcasting
 + Level 3.2 Conjurations
 + Level 2.3 Hexes
 + Level 2.3 Summonings
 + Level 2.3 Necromancy
 + Level 2.3 Translocations
 + Level 2.3 Transmutations
 + Level 6.0 Fire Magic
 + Level 2.3 Ice Magic
 + Level 2.3 Air Magic
 + Level 2.3 Earth Magic
 + Level 2.3 Poison Magic
 + Level 3.1 Invocations
 + Level 2.8 Evocations


You had 10 spell levels left.
You knew the following spells:

 Your Spells              Type           Power      Damage    Failure   Level
a - Foxfire               Conj/Fire      80%        2x1d8     1%          1
b - Scorch                Fire           50%        2d7       1%          2
c - Flame Wave            Conj/Fire      20%        2d7       21%         4

Your spell library contained the following spells:

 Spells                   Type           Power      Damage    Failure   Level
 Inner Flame              Hex/Fire       19%        N/A       7%          3
 Volatile Blastmotes      Fire/Tloc      38%        2d13      7%          3
 Ozocubu's Armour         Ice            12%        N/A       16%         3
 Summon Guardian Golem    Hex/Summ       12%        N/A       16%         3
 Orb of Destruction       Conj           7%         9d6       100%        7
 Ozocubu's Refrigeration  Ice            6%         4d8       100%        7
 Spellforged Servitor     Conj/Summ      7%         N/A       100%        7


Dungeon Overview and Level Annotations

Branches:
Dungeon (6/15)             Temple (1/1) D:5

Altars:
Ashenzari
Cheibriados
Dithmenos
Elyvilon
Fedhas
Gozag
Hepliaklqana
Nemelex Xobeh
Okawaru
Qazlal
Ru
Sif Muna
Uskayaw
Vehumet
Wu Jian
Xom
Yredelemnul
The Shining One

Annotations:
D:3 Pikel
D:6 Dowan, Duvessa


Innate Abilities, Weirdness & Mutations

You are a tree.
Your roots penetrate the ground, keeping you stationary.
You cannot be teleported.
You are immune to unholy pain and torment.
Your maximum health is greatly increased.
Your equipment is partially melded.
((You have very sharp teeth.))
Your uncanny sense of smell can sniff out nearby items.
Your experience applies equally to all skills.


Message History

* * * LOW HITPOINT WARNING * * *
The killer bee closely misses you.
It was a potion of berserk rage.
A red film seems to cover your vision as you go berserk!
Cheibriados protects you from inadvertent hurry.
You feel mighty!
You feel sick. The killer bee closely misses you.
The killer bee stings you but does no damage.
The killer bee closely misses you.
An adder comes into view.
The killer bee stings you but does no damage.
The killer bee closely misses you.
The killer bee stings you but does no damage.
You are too berserk!
The adder hisses angrily.
You hit the killer bee. You bite the killer bee!
The killer bee is severely wounded.
Your surroundings suddenly seem different.
Found 29 gold pieces and a pair of scorched gloves.
Found a stone staircase leading down.
You feel sick.
Duvessa, Sister of Dowan comes into view.
She is wielding a +0 short sword.
You feel sick.
Duvessa shouts!
Unknown command.
Found a robe.
You feel a strong urge to attack something.
You feel sick.
You feel sick.
Duvessa gestures with her weapon.
You feel your anger nearly subside.
You are no longer berserk.
You are exhausted.
You feel yourself slow down.
It was a potion of lignification.
You turn into a tree.
Your scarf of invisibility melds into your body.
Your +1 pair of gloves melds into your body.
Your +2 robe melds into your body.
Your roots penetrate the ground.
You feel sick.
You are no longer poisoned.
You feel very mighty all of a sudden. Duvessa hits you with a +0 short sword.
You die...

.## .. .. [.
...
##.#####...
.$..#.....
...#....#
###>....#
#.#♣...#
#..e.###
#....##
##...[##
#.....#
#e..$.#
#.........#
..........##
#............


You could see Duvessa and Dowan.

Vanquished Creatures
  Menkaure (D:4)
  An ogre (D:5)
  2 lemures
  4 scorpions
  A hound (D:5)
  2 iguanas (D:5)
  Jessica (D:3)
  An orc wizard (D:5)
  3 gnolls (D:3)
  7 adders
  3 dart slugs
  14 orcs
  3 bats
  8 endoplasms
  3 giant cockroaches
  11 goblins
  4 hobgoblins
  2 jackals (D:1)
  2 quokkas
  4 ball pythons
  2 frilled lizards (D:1)
  9 kobolds
  8 rats
96 creatures vanquished.

Vanquished Creatures (collateral kills)
  3 foxfires (D:1)
3 creatures vanquished.

Vanquished Creatures (others)
  423 foxfires
423 creatures vanquished.

Grand Total: 522 creatures vanquished

Notes
Turn   | Place    | Note
-------+----------+-------------------------------------------
     0 | D:1      | retardedninja the Gnoll Fire Elementalist began the quest
                  | for the Orb.
     0 | D:1      | Reached XP level 1. HP: 13/13 MP: 6/6
   208 | D:1      | Reached XP level 2. HP: 20/20 MP: 3/7
   867 | D:1      | Reached skill level 5 in Spellcasting
   867 | D:1      | Reached XP level 3. HP: 25/25 MP: 4/9
  1099 | D:1      | Found a faded altar of an unknown god.
  1242 | D:1      | Reached skill level 1 in Invocations
  1595 | D:2      | Reached skill level 1 in Fighting
  1595 | D:2      | Reached skill level 1 in Short Blades
  1595 | D:2      | Reached skill level 1 in Long Blades
  1595 | D:2      | Reached skill level 1 in Axes
  1595 | D:2      | Reached skill level 1 in Maces & Flails
  1595 | D:2      | Reached skill level 1 in Polearms
  1595 | D:2      | Reached skill level 1 in Staves
  1595 | D:2      | Reached skill level 1 in Ranged Weapons
  1595 | D:2      | Reached skill level 1 in Throwing
  1595 | D:2      | Reached skill level 1 in Armour
  1595 | D:2      | Reached skill level 1 in Shields
  1595 | D:2      | Reached skill level 1 in Unarmed Combat
  1595 | D:2      | Reached skill level 1 in Evocations
  1703 | D:2      | Reached XP level 4. HP: 32/32 MP: 8/11
  2128 | D:2      | Reached skill level 1 in Hexes
  2128 | D:2      | Reached skill level 1 in Summonings
  2128 | D:2      | Reached skill level 1 in Necromancy
  2128 | D:2      | Reached skill level 1 in Translocations
  2128 | D:2      | Reached skill level 1 in Transmutations
  2128 | D:2      | Reached skill level 1 in Ice Magic
  2128 | D:2      | Reached skill level 1 in Air Magic
  2128 | D:2      | Reached skill level 1 in Earth Magic
  2128 | D:2      | Reached skill level 1 in Poison Magic
  2685 | D:3      | Found a large runed translucent door.
  2685 | D:3      | Found a large runed translucent door.
  2987 | D:3      | Reached XP level 5. HP: 37/37 MP: 8/12
  3574 | D:2      | Learned a level 2 spell: Scorch
  3579 | D:2      | Learned a level 4 spell: Flame Wave
  4061 | D:3      | Noticed Jessica
  4071 | D:3      | Killed Jessica
  4393 | D:3      | Found a sacrificial altar of Ru.
  4401 | D:3      | Found a shimmering altar of Xom.
  4465 | D:4      | Reached skill level 5 in Dodging
  4465 | D:4      | Reached XP level 6. HP: 31/44 MP: 4/14
  5184 | D:4      | Noticed Pikel
  5494 | D:4      | Found a glowing golden altar of the Shining One.
  5524 | D:4      | Noticed Menkaure
  5529 | D:4      | Killed Menkaure
  6535 | D:5      | Entered Level 5 of the Dungeon
  6549 | D:5      | Reached XP level 7. HP: 25/50 MP: 7/15
  6786 | D:5      | Found a radiant altar of Vehumet.
  7063 | D:5      | Reached skill level 5 in Stealth
  7404 | D:5      | Found a hide-covered altar of Uskayaw.
  7414 | D:5      | Found a stormy altar of Qazlal.
  7747 | D:5      | Found a staircase to the Ecumenical Temple.
  7831 | Temple   | Entered the Ecumenical Temple
  8183 | Temple   | Became a worshipper of Cheibriados the Contemplative
  8218 | D:5      | Reached skill level 6 in Fire Magic
  8360 | D:6      | Noticed a vampire
  8422 | D:6      | Noticed Dowan
  8425 | D:6      | Noticed Duvessa
  8426 | D:6      | HP: 3/76 [poisoned by a killer bee]
  8431 | D:6      | Slain by Duvessa

Illustrated notes

Levels and vault maps discovered:
D:1:      mushboom_english_gardens, layout_basic,
          ebering_ecumenical_altar_petrified, st_stairs_10
D:2:      minmay_door_path, layout_basic, minmay_tromino_v4_b
D:3:      layout_loops_ring, jmf_multi_god_temple2, serial_bayou_pond_c,
          kennysheep_generic_room_8, uniq_jessica
D:4:      layout_basic, nicolae_tso_swordbearing_angel, nrook_mini_vaults,
          uniq_pikel, uniq_menkaure
D:5:      layout_rooms, mainiacjoe_overflow_24_doors,
          mainiacjoe_overflow_catwalk_spiral, minmay_temple_entry_tees
D:6:      layout_cave_pools, gup_sewer_entry_bubbles, uniq_duvessa
Temple:   minmay_temple_forest_path

Skill      XL: |  1  2  3  4  5  6  7 |
---------------+----------------------+-----
Conjurations   | 2 3 |  3.2
Spellcasting   | 5 |  5.8
Invocations    | 1 2 3 |  3.1
Fighting       | 1 2 |  2.8
Short Blades   | 1 2 |  2.8
Long Blades    | 1 2 |  2.8
Axes           | 1 2 |  2.8
Maces & Flails | 1 2 |  2.8
Polearms       | 1 2 |  2.8
Staves         | 1 2 |  2.8
Ranged Weapons | 1 2 |  2.8
Throwing       | 1 2 |  2.8
Armour         | 1 2 |  2.8
Shields        | 1 2 |  2.8
Unarmed Combat | 1 2 |  2.8
Evocations     | 1 2 |  2.8
Hexes          | 1 2 |  2.3
Summonings     | 1 2 |  2.3
Necromancy     | 1 2 |  2.3
Translocations | 1 2 |  2.3
Transmutations | 1 2 |  2.3
Ice Magic      | 1 2 |  2.3
Air Magic      | 1 2 |  2.3
Earth Magic    | 1 2 |  2.3
Poison Magic   | 1 2 |  2.3
Dodging        | 5 |  5.4
Stealth        | 5 |  5.1
Fire Magic     | 6 |  6.0

Action                     |  1- 3 |  4- 6 |  7- 9 || total
---------------------------+-------+-------+-------++-------
  Melee: Mace              |     7 |     5 |    11 ||    23
         Bite              |     2 |     1 |     3 ||     6
   Cast: Foxfire           |    92 |   137 |    35 ||   264
         Scorch            |       |    28 |    16 ||    44
  Evoke: Wand              |       |     2 |     2 ||     4
    Use: Scroll            |     2 |     5 |     4 ||    11
         Potion            |       |     7 |     4 ||    11
   Stab: Paralysed         |       |     1 |     8 ||     9
 Armour: Robe              |     7 |    17 |    21 ||    45
  Dodge: Dodged            |    28 |    64 |    50 ||   142

Table legend: (Time is in decaauts)
 A = Elapsed time spent in this place.
 B = Non-inter-level travel time spent in this place.
 C = Inter-level travel time spent in this place.
 D = Time resting spent in this place.
 E = Time spent auto-exploring this place.
 F = Levels seen in this place.
 G = Mean time per level.
                   A        B        C        D        E       F      G
               +--------+--------+--------+--------+--------+-----+--------+
         Total |   8485 |   8155 |    330 |   2056 |   5082 |   7 | 1212.1 |
       Dungeon |   8098 |   7821 |    277 |   2056 |   4764 |   6 | 1349.7 |
        Temple |    386 |    334 |     52 |      0 |    318 |   1 |  386.0 |
               +--------+--------+--------+--------+--------+-----+--------+

Top non-repeatable levels by time:
     D:3: 1822 daAuts
     D:2: 1647 daAuts
     D:4: 1573 daAuts
     D:1: 1506 daAuts
     D:5: 1473 daAuts
  Temple: 386 daAuts
     D:6: 75 daAuts
